 Dungeon Crawl Stone Soup version 0.31-a0-691-g409c26aa35 (webtiles) character file.

Game seed: 2171883062611435206

126 senseless the Insei (level 5, -2/35 HPs)
             Began as an Octopode Shapeshifter on Sept 6, 2023.
             Succumbed to an orc's poison
             ... on level 3 of the Dungeon.
             The game lasted 00:04:21 (1873 turns).

senseless the Insei (Octopode Shapeshifter)         Turns: 1873, Time: 00:04:21

Health: -2/35      AC:  1    Str: 13    XL:     5   Next: 9%
Magic:  5/5        EV: 14    Int: 12    God:
Gold:   70         SH:  0    Dex: 14    Spells: 4/4 levels left

rFire   . . .        k - +1 hand axe (heavy)
rCold   . . .        (no shield)
rNeg    . . .        (helmet currently unavailable)
rPois   .            (no amulet)
rElec   .            (no ring)
rCorr   .            (no ring)
SInv    .            (no ring)
Will    .....        (no ring)
Stlth   ++           (no ring)
HPRegen 0.25/turn    (no ring)
MPRegen 0.09/turn    (no ring)
                     (no ring)

%: no passive effects
@: lethally poisoned (-2 -> -16), beast-form
A: beast (slay +2), almost no armour, amphibious, 8 rings, camouflage 1,
gelatinous body 1, (nimble swimmer 1), tentacles
a: Begin Untransformation


You were on level 3 of the Dungeon.
You were a hulking beast.
You visited 1 branch of the dungeon, and saw 3 of its levels.

You collected 70 gold pieces.

Inventory:

Hand Weapons
 k - a +1 heavy hand axe (weapon)
Talismans
 b - a beast talisman (active)
 c - a flux talisman
 f - a maw talisman
Wands
 i - a wand of polymorph (12) (quivered)
Scrolls
 e - a scroll of teleportation
Potions
 a - a potion of lignification
 d - a potion of might {unknown}
 h - a potion of enlightenment {unknown}


   Skills:
 + Level 2.4 Fighting
 + Level 3.0 Dodging
 + Level 3.8 Unarmed Combat
 + Level 3.6 Shapeshifting


You had 4 spell levels left.
You didn't know any spells.
Your spell library contained the following spells:

 Spells                   Type           Power      Damage    Failure   Level
 Kiss of Death            Conj/Necr      0%         2d5       32%         1
 Slow                     Hex            0%         N/A       32%         1
 Confusing Touch          Hex            0%         N/A       69%         3
 Vampiric Draining        Necr           0%         2d6       69%         3
 Dispel Undead            Necr           0%         3d6       97%         4


Dungeon Overview and Level Annotations

Branches:
Dungeon (3/15)

Altars:

Shops:
D:2 [

Annotations:
D:3 3 runed translucent doors, Cris's ghost, weakling DgSh; TobyConnect's ghost, amateur DsFi; WhatIsLove's ghost, amateur DrSh; WhatIsLove's ghost, amateur HOMo


Innate Abilities, Weirdness & Mutations

You are a hulking beast.
Your limbs bulge with bestial killing power. (Slay +2)
You cannot wear most types of armour.
You are amphibious.
You can wear up to eight rings at the same time.
Your skin changes colour to match your surroundings (Stealth+).
Your rubbery body absorbs attacks. (AC +1, EV +1)
((You are camouflaged when in or above water. (Stealth+)))
You have tentacles for arms and can constrict up to eight enemies at once.


Message History

You hit the orc. Your grab misses the orc.
The orc is heavily wounded.
The orc barely misses you.
The orc hits you with a +0 dagger of venom.
You are poisoned.
You closely miss the orc. Your grab misses the orc.
The orc is heavily wounded.
You feel very sick.
The orc hits you with a +0 dagger of venom.
You are more poisoned.
The orc misses you.
You hit the orc but do no damage. Your grab misses the orc.
The orc is heavily wounded.
You feel extremely sick.
The orc hits you with a +0 dagger of venom.
You are lethally poisoned!
You are too injured to fight recklessly!
You are too injured to fight recklessly!
You are too injured to fight recklessly!
You are too injured to fight recklessly!
You are too injured to fight recklessly!
You are too injured to fight recklessly!
You are too injured to fight recklessly!
You are too injured to fight recklessly!
You are too injured to fight recklessly!
You are too injured to fight recklessly!
You are too injured to fight recklessly!
You are too injured to fight recklessly!
You are too injured to fight recklessly!
You are too injured to fight recklessly!
You are too injured to fight recklessly!
You slash the orc!
You kill the orc!
* * * LOW HITPOINT WARNING * * *
You feel extremely sick.
The orc wizard shouts!
You hit the orc wizard. Your grab misses the orc wizard.
The orc wizard is heavily wounded.
You barely miss the bat.
You die...

.....##.......# .# .#
...######..#####.# ..#
...............#.##..#
...#######...........#
#.## #.###....##.
#.########.# #....# #
#..........###....##.#
############....b....###
#...)h...>...
#....o)...###
####....### #....#
.....# .##.#.# . ..#$# .
#.#)## .#..#


You could see an orc wizard and a bat.

Vanquished Creatures
  An orc wizard (D:3)
  3 adders (D:2)
  2 worms (D:2)
  2 dart slugs
  4 orcs (D:3)
  9 bats
  4 endoplasms
  4 giant cockroaches
  5 goblins
  2 hobgoblins (D:1)
  7 jackals
  2 quokkas
  2 ball pythons
  4 frilled lizards
  2 kobolds
  2 rats (D:2)
55 creatures vanquished.

Notes
Turn   | Place    | Note
-------+----------+-------------------------------------------
     0 | D:1      | senseless the Octopode Shapeshifter began the quest for the
                  | Orb.
     0 | D:1      | Reached XP level 1. HP: 13/13 MP: 1/1
   148 | D:1      | Reached XP level 2. HP: 18/18 MP: 2/2
   563 | D:1      | Reached XP level 3. HP: 18/23 MP: 3/3
  1224 | D:2      | Reached XP level 4. HP: 28/29 MP: 4/4
  1424 | D:2      | Found Uvoimaof's Antique Armour Boutique.
  1608 | D:3      | Reached XP level 5. HP: 18/35 MP: 5/5
  1851 | D:3      | Found a runed translucent gate.
  1851 | D:3      | Found a runed translucent gate.
  1851 | D:3      | Found a runed translucent gate.
  1853 | D:3      | Noticed Cris's ghost (weakling DgSh)
  1853 | D:3      | Noticed WhatIsLove's ghost (amateur DrSh)
  1855 | D:3      | Noticed TobyConnect's ghost (amateur DsFi)
  1856 | D:3      | Noticed WhatIsLove's ghost (amateur HOMo)
  1873 | D:3      | Succumbed to an orc's poison

Illustrated notes

Levels and vault maps discovered:
D:1:      co_arrival_square_in_a_square_in_a_square, layout_loops_corners,
          wad_floor_pattern_untrapped
D:2:      layout_loops_cross, serial_shops, nicolae_shop_peninsula
D:3:      layout_loops_ring, gammafunk_ghost_cemetery,
          ebering_dispersal_statue_hall, st_stairs_2, minmay_misc_feat_pillars,
          hangedman_decor_points, reono_crystal_passage, guppyfry_early_orc_mine

Skill      XL: |  1  2  3  4 |
---------------+-------------+-----
Fighting       | 2 |  2.4
Dodging        | 3 |  3.0
Unarmed Combat | |  3.8
Shapeshifting  | |  3.6

Action                     |  1- 3 |  4- 6 || total
---------------------------+-------+-------++-------
  Melee: Unarmed           |    59 |    16 ||    75
         Constrict         |    14 |     7 ||    21
         Tentacles         |    10 |     6 ||    16
         Punch             |     2 |       ||     2
         Hand axe          |       |    14 ||    14
    Use: Scroll            |       |     4 ||     4
   Stab: Sleeping          |    17 |     4 ||    21
 Armour: Skin              |    22 |    17 ||    39
  Dodge: Dodged            |    25 |    22 ||    47

Table legend: (Time is in decaauts)
 A = Elapsed time spent in this place.
 B = Non-inter-level travel time spent in this place.
 C = Inter-level travel time spent in this place.
 D = Time resting spent in this place.
 E = Time spent auto-exploring this place.
 F = Levels seen in this place.
 G = Mean time per level.
                   A        B        C        D        E       F      G
               +--------+--------+--------+--------+--------+-----+--------+
         Total |   1879 |   1806 |     73 |      0 |   1504 |   3 |  626.3 |
       Dungeon |   1879 |   1806 |     73 |      0 |   1504 |   3 |  626.3 |
               +--------+--------+--------+--------+--------+-----+--------+

Top non-repeatable levels by time:
     D:1: 905 daAuts
     D:2: 657 daAuts
     D:3: 316 daAuts
